cohdb
Replays
Latest Replays
All Replays
Popular Replays
Top Player Replays
Match Explorer
How It Works
Community
CoH3 Stats
Reddit
Sign in to upload your games and track your stats! →
Sign in with Steam
Match 47329636
Unlisted
Match 47329636
Overview
Messages
Build Orders
End
Kettenkrad Recon Vehicle
Construct Infanterie Kompanie
MG 42 Machine Gun Team
Selects Mechanized Battlegroup
GrW 34 Mortar Team
Grenadier Squad
Medical Station
Construct Luftwaffe Kompanie
Luftwaffe Officer Quarters
221 Scout Car
Flak 30 Anti-aircraft Gun Team
Selects Spotting Scopes
Selects Raid Package
Support Elements
Suby
Satoru Geto
lenus
Cjoffrey
Mowgli01
darkGweni
0
0
Comments
sign in to comment!
No comments posted yet!